 Dungeon Crawl Stone Soup version 0.31-a0-1576-ga3383bade6 (webtiles) character file.

Game seed: 4961115640514411638

2671 Atlas the Magician (level 9, -9/61 HPs)
             Began as a Djinni Earth Elementalist on Jan 4, 2024.
             Was a Believer of Makhleb.
             Mangled by a wight
             ... wielding a +2 great sword
              (16 damage)
             ... on level 6 of the Dungeon.
             The game lasted 00:08:59 (6061 turns).

Atlas the Magician (Djinni Earth Elementalist)      Turns: 6061, Time: 00:09:00

Health: -9/61      AC:  6    Str:  7    XL:     9   Next: 95%
Gold:   458        EV: 13    Int: 21    God:    Makhleb [**....] SH:  0 Dex: 14

rFire   + + .        r - +4 flail (holy)
rCold   . . .        y - orb {mayhem}
rNeg    . . .        u - +2 leather armour {rC+}
rPois   ∞            h - +0 hat
rElec   .            (no cloak)
rCorr   .            c - +0 pair of gloves
SInv    .            (boots unavailable)
Will    .....        m - amulet of faith
Stlth   ++           (no ring)
HPRegen 0.30/turn    (no ring)
MPRegen 0.00/turn

%: mayhem, faith, infuse magic (-10 HP)
@: flying
A: sickness immunity, fire resistance 2, cold vulnerability 1, float, innate
caster, HP casting, extra vitality 1
a: Renounce Religion, Minor Destruction


You were on level 6 of the Dungeon.
You worshipped Makhleb.
Makhleb was pleased with you.
You visited 2 branches of the dungeon, and saw 9 of its levels.

You collected 458 gold pieces.

Inventory:

Hand Weapons
 r - a +4 flail of holy wrath (weapon)
Missiles
 t - 12 curare-tipped darts
Armour
 c - a +0 pair of gloves (worn)
 h - a +0 hat (worn)
 u - a +2 leather armour of cold resistance (worn)
 y - an orb of mayhem (worn)
Jewellery
 m - an amulet of faith (around neck)
Wands
 z - a wand of roots (7)
Scrolls
 b - 5 scrolls of identify {unknown}
 d - a scroll of enchant armour {unknown}
 g - 4 scrolls of blinking {unknown}
 i - a scroll of fog {unknown}
 l - 2 scrolls of amnesia {unknown}
 o - 3 scrolls of teleportation {unknown}
 p - a scroll of torment {unknown}
 s - 2 scrolls of immolation {unknown}
 v - a scroll of vulnerability {unknown}
 w - 3 scrolls of poison {unknown}
 x - a scroll of brand weapon {unknown}
Potions
 a - 4 potions of brilliance {unknown}
 e - 2 potions of curing
 f - a potion of might {unknown}
 j - a potion of berserk rage {unknown}
 k - 4 potions of lignification {unknown}
 n - a potion of enlightenment {unknown}
 q - 2 potions of attraction {unknown}
 A - 2 potions of heal wounds {unknown}
 B - a potion of invisibility {unknown}


   Skills:
 + Level 3.4 Fighting
 + Level 3.4 Maces & Flails
 + Level 5.4 Armour
 + Level 5.3 Dodging
 - Level 4.1 Stealth
 + Level 6.8 Spellcasting
 + Level 6.8 Conjurations
 + Level 6.8 Hexes
 + Level 6.8 Summonings
 + Level 6.8 Necromancy
 + Level 6.8 Translocations
 + Level 6.8 Fire Magic
 + Level 6.8 Ice Magic
 + Level 6.8 Air Magic
 + Level 6.8 Earth Magic
 + Level 6.8 Alchemy


You knew the following spells:

 Your Spells              Type           Power      Damage    Failure   Level
a - Sandblast             Erth           72%        2d16      1%          1
b - Passwall              Erth           36%        N/A       2%          3
c - Stone Arrow           Conj/Erth      72%        3d11      2%          3
d - Petrify               Alch/Erth      36%        N/A       8%          4
e - Brom's Barrelling Bo  Conj/Erth      36%        2d6       8%          4
f - Necrotise             Necr           100%       1d9       1%          1
g - Blink                 Tloc           72%        N/A       1%          2
h - Lesser Beckoning      Tloc           72%        N/A       1%          2
i - Cause Fear            Hex            18%        N/A       8%          4
Your spell library was empty.

Dungeon Overview and Level Annotations

Branches:
Dungeon (8/15)             Temple (1/1) D:4
   Lair: D:8-11

Altars:
Dithmenos
Elyvilon
Fedhas
Gozag
Hepliaklqana
Makhleb
Okawaru
Qazlal
Ru
Trog
Xom
Yredelemnul
The Shining One
Lugonu

Shops:
D:3 *

Annotations:
D:1 2 transporters
D:4 2 transporters, AstroCodex24's ghost, weakling BaFi


Innate Abilities, Weirdness & Mutations

You are immune to sickness and miasma.
You are immune to poison.
Your flesh is very heat resistant. (rF++)
You are vulnerable to cold. (rC-)
You float through the air rather than walking.
You learn spells naturally, not from books.
Your magical power is your life essence.
You have superior vitality. (+4 MHP)


Message History

The wight misses you.
The wight hits you from afar with a +5 trident!
The kobold hits you with a +0 short sword.
The kobold hits you with a +0 dagger.
The wight hits you with a +2 great sword!
The wight barely misses you.
You fly upwards.
There is a stone staircase leading down here.
Casting: Sandblast (safe; 1% risk of failure)
Confirm with . or Enter, or press ? or * to list all spells.
You blink.
The kobold throws a poisoned dart.
The poisoned dart misses you. The wight misses you.
Unknown command.
You feel ready to blink again. The wight attacks as it pursues you!
The wight misses you.
There is a stone staircase leading up here.
The wight hits you with a +2 great sword.
You fly upwards.
There is a stone staircase leading down here.
Unknown command.
Casting: Blink (safe; 1% risk of failure)
Confirm with . or Enter, or press ? or * to list all spells.
Aiming: Sandblast (safe; 1% risk of failure)
Press: ? - help, Shift-Dir - straight line, f - wight
Aim: a wight, wielding a +2 great sword and wearing a +0 robe (84% to hit)
The blast of sand hits the wight.
The wight is moderately damaged.
The wight hits you with a +2 great sword!
* * * LOW HITPOINT WARNING * * *
Casting: Sandblast (safe; 1% risk of failure)
Confirm with . or Enter, or press ? or * to list all spells.
Aiming: Sandblast (safe; 1% risk of failure)
Press: ? - help, Shift-Dir - straight line, f/p - wight
Aim: a wight, wielding a +2 great sword and wearing a +0 robe (moderately damaged, 84% to hit)
The blast of sand hits the wight.
The wight is severely damaged.
* * * LOW HITPOINT WARNING * * *
The wight closely misses you.
The wight hits you with a +2 great sword!
You die...

...#....# #.######.#
...#....# #.#....#.#
##.########.#......#
#..........####.###
############ #.# #.#
#.# #.# #@# #z# #.#
################.#
.................#
##################


You could see a wight.

Vanquished Creatures
  Sigmund (D:3)
  3 yaks (D:4)
  A water moccasin (D:7)
  2 sky beasts
  A black bear (D:4)
  2 ice beasts
  2 ogres
  A centaur (D:7)
  A phantom (D:5)
  2 kobold brigands
  4 bullfrogs
  2 scorpions (D:6)
  A howler monkey (D:5)
  2 jellies
  2 bombardier beetles
  3 hounds
  3 iguanas
  2 sleepcaps
  Terence (D:3)
  2 orc wizards (D:7)
  2 gnolls (D:4)
  11 adders
  2 dart slugs
  A ribbon worm (D:3)
  15 orcs
  8 ball pythons
  6 bats
  6 endoplasms
  3 giant cockroaches
  2 goblins
  8 hobgoblins
  3 jackals (D:1)
  3 quokkas
  4 frilled lizards
  20 kobolds
  6 rats
138 creatures vanquished.

Vanquished Creatures (collateral kills)
  An orc (D:7)
  3 kobolds (D:7)
4 creatures vanquished.

Vanquished Creatures (others)
  A boulder (D:4)
1 creature vanquished.

Grand Total: 143 creatures vanquished

Notes
Turn   | Place    | Note
-------+----------+-------------------------------------------
     0 | D:1      | Atlas the Djinni Earth Elementalist began the quest for the
                  | Orb.
     0 | D:1      | Atlas set off with the following spells memorised:
                  | Sandblast, Passwall, Stone Arrow, Petrify, Brom's
                  | Barrelling Boulder.
     0 | D:1      | Reached XP level 1. HP: 15/15 MP: 0/0
   162 | D:1      | Reached XP level 2. HP: 21/21 MP: 0/0
   349 | D:1      | Reached XP level 3. HP: 24/25 MP: 0/0
   349 | D:1      | Learned a level 1 spell: Necrotise
   771 | D:2      | Found a faded altar of an unknown god.
   793 | D:2      | Reached XP level 4. HP: 29/31 MP: 0/0
   822 | D:2      | Found a hazy altar of Hepliaklqana.
  1395 | D:3      | Found Iniub's Assorted Antiques.
  1424 | D:3      | Found a stormy altar of Qazlal.
  1716 | D:3      | Noticed Terence
  1730 | D:3      | Killed Terence
  1731 | D:3      | Reached XP level 5. HP: 20/35 MP: 0/0
  1731 | D:3      | Learned a level 2 spell: Blink
  2025 | D:3      | Noticed Sigmund
  2028 | D:3      | Killed Sigmund
  2029 | D:3      | Reached XP level 6. HP: 38/40 MP: 0/0
  2517 | D:4      | Noticed a sky beast
  2546 | D:4      | Found a staircase to the Ecumenical Temple.
  2572 | Temple   | Entered the Ecumenical Temple
  2597 | Temple   | Became a worshipper of Makhleb the Destroyer
  2637 | D:4      | Killed a sky beast
  2638 | D:4      | Reached XP level 7. HP: 12/46 MP: 0/0
  2638 | D:4      | Learned a level 2 spell: Lesser Beckoning
  2805 | D:4      | Reached skill level 1 in Armour
  3108 | D:4      | Found an iron altar of Okawaru.
  3193 | D:4      | Found a transporter.
  3199 | D:4      | Noticed AstroCodex24's ghost (weakling BaFi)
  3216 | D:4      | Found a transporter.
  3228 | D:4      | Noticed a yak
  3229 | D:4      | Noticed a yak
  3230 | D:4      | Noticed a yak
  3250 | D:4      | Killed a yak
  3251 | D:4      | Reached skill level 5 in Spellcasting
  3251 | D:4      | Reached skill level 5 in Conjurations
  3251 | D:4      | Reached skill level 5 in Hexes
  3251 | D:4      | Reached skill level 5 in Summonings
  3251 | D:4      | Reached skill level 5 in Necromancy
  3251 | D:4      | Reached skill level 5 in Translocations
  3251 | D:4      | Reached skill level 5 in Fire Magic
  3251 | D:4      | Reached skill level 5 in Ice Magic
  3251 | D:4      | Reached skill level 5 in Air Magic
  3251 | D:4      | Reached skill level 5 in Earth Magic
  3251 | D:4      | Reached skill level 5 in Alchemy
  3251 | D:4      | Reached XP level 8. HP: 46/51 MP: 0/0
  3261 | D:4      | Killed a yak
  3262 | D:4      | Reached skill level 1 in Fighting
  3262 | D:4      | Reached skill level 1 in Maces & Flails
  3270 | D:4      | Killed a yak
  3659 | D:5      | Entered Level 5 of the Dungeon
  3934 | D:5      | Found a shimmering altar of Xom.
  4145 | D:5      | Found an opulent altar of Gozag.
  4176 | D:5      | Reached * piety under Makhleb
  4210 | D:5      | Found a white marble altar of Elyvilon.
  4393 | D:6      | Reached XP level 9. HP: 32/58 MP: 0/0
  4393 | D:6      | Learned a level 4 spell: Cause Fear
  4877 | D:6      | Found a bloodstained altar of Trog.
  5221 | D:7      | Reached skill level 5 in Armour
  5433 | D:7      | Reached skill level 5 in Dodging
  5653 | D:7      | Reached ** piety under Makhleb
  6061 | D:6      | Mangled by a wight

Illustrated notes

Levels and vault maps discovered:
D:1:      spicycebolla_arrival_transporter_tutorial, layout_loops_ring,
          minivault_27
D:2:      layout_loops_cross, basic_altar, basic_ecumenical_altar
D:3:      layout_basic, lemuel_round_altar, serial_shops,
          nicolae_shop_peninsula, serial_park_tiny_pond, uniq_sigmund,
          uniq_terence
D:4:      layout_loops_ring, okawaru_altar_gauntlet_db,
          minmay_temple_entry_wispy, gammafunk_ghost_stat_death,
          hangedman_abyss_or_decor_stagger
D:5:      layout_loops_ring, mainiacjoe_overflow_alcove_4, grunt_gozag_statues,
          mainiacjoe_overflow_catwalk
D:6:      layout_basic, overflow_temple_1_default
D:7:      layout_loops_ring, vehumet_crystals, nrook_pool_corridor
D:8:      layout_cave_pools, marbit_many_paths, uniq_erica
Temple:   corrupted_temple

Skill      XL: |  1  2  3  4  5  6  7  8  9 |
---------------+----------------------------+-----
Stealth        | 2 3 4 |  4.1
Dodging        | 3 4 5 |  5.3
Spellcasting   | 4 5 6 |  6.8
Conjurations   | 4 5 6 |  6.8
Hexes          | 4 5 6 |  6.8
Summonings     | 4 5 6 |  6.8
Necromancy     | 4 5 6 |  6.8
Translocations | 4 5 6 |  6.8
Fire Magic     | 4 5 6 |  6.8
Ice Magic      | 4 5 6 |  6.8
Air Magic      | 4 5 6 |  6.8
Earth Magic    | 4 5 6 |  6.8
Alchemy        | 4 5 6 |  6.8
Armour         | 3 4 5 |  5.4
Fighting       | 2 3 |  3.4
Maces & Flails | 2 3 |  3.4

Action                     |  1- 3 |  4- 6 |  7- 9 || total
---------------------------+-------+-------+-------++-------
  Melee: Flail             |       |     1 |    31 ||    32
         Punch             |       |       |     1 ||     1
   Cast: Sandblast         |    39 |    61 |   140 ||   240
         Stone Arrow       |       |     5 |     5 ||    10
         Brom's Barrelling |       |       |     1 ||     1
         Blink             |       |       |     1 ||     1
    Use: Potion            |       |       |     3 ||     3
   Stab: Sleeping          |       |       |     1 ||     1
 Armour: Robe              |     8 |     6 |       ||    14
         Leather armour    |       |     9 |    82 ||    91
  Dodge: Dodged            |    16 |    16 |    75 ||   107

Table legend: (Time is in decaauts)
 A = Elapsed time spent in this place.
 B = Non-inter-level travel time spent in this place.
 C = Inter-level travel time spent in this place.
 D = Time resting spent in this place.
 E = Time spent auto-exploring this place.
 F = Levels seen in this place.
 G = Mean time per level.
                   A        B        C        D        E       F      G
               +--------+--------+--------+--------+--------+-----+--------+
         Total |   6190 |   5871 |    319 |    121 |   4729 |   9 |  687.8 |
       Dungeon |   6151 |   5859 |    292 |    121 |   4729 |   8 |  768.9 |
        Temple |     39 |     12 |     27 |      0 |      0 |   1 |   39.0 |
               +--------+--------+--------+--------+--------+-----+--------+

Top non-repeatable levels by time:
     D:4: 1188 daAuts
     D:3: 1132 daAuts
     D:7: 864 daAuts
     D:6: 790 daAuts
     D:5: 732 daAuts
     D:1: 721 daAuts
     D:2: 651 daAuts
     D:8: 69 daAuts
  Temple: 39 daAuts
